BLB
PHOENIX ROADRUNNERS @ SEATTLE PILOTS
03/17/2060
 
TOP OF THE 1ST
Phoenix Roadrunners batting - Pitching for Seattle Pilots : RHP Cayden Wittmeyer
Pitching: RHP Cayden Wittmeyer
Batting: SHB Josiah Swallow 0-0: Called Strike
0-1: Swinging Strike
0-2: Strikes out looking
Batting: RHB Cody Barkley 0-0: Ball
1-0: Called Strike
1-1: Ball
2-1: Foul Ball, location: 2F
2-2: Ball
3-2: Ground out 5-3 (Groundball, 56, EV 86.9 MPH)
Batting: LHB Neil Wanat 0-0: Called Strike
0-1: Ball
1-1: Called Strike
1-2: Foul Ball, location: 2F
1-2: Ball
2-2: Ball
3-2: Strikes out swinging
Top of the 1st over - 0 runs, 0 hits, 0 errors, 0 left on base; Phoenix 0 - Seattle 0
BOTTOM OF THE 1ST
Seattle Pilots batting - Pitching for Phoenix Roadrunners : RHP Chad Flanigan
Pitching: RHP Chad Flanigan
Batting: RHB Douglas Morrison 0-0: Called Strike
0-1: Foul Ball, location: 2F
0-2: Foul Ball, location: 2F
0-2: Ball
1-2: SINGLE (Groundball, 3D, EV 98.8 MPH)
Batting: LHB Cade McCormick 0-0: Foul Ball, location: 2F
0-1: Swinging Strike
0-2: Ball
1-2: Foul Ball, location: 2F
1-2: Foul Ball, location: 2F
1-2: Strikes out looking
Batting: LHB Ryan Carr 0-0: Ball
1-0: Called Strike
Douglas Morrison steals 2nd base
1-1: Ball
2-1: Ground out 5-3 (Groundball, 56S, EV 65.0 MPH)
Douglas Morrison to third
Batting: RHB Jerry Coleman 0-0: Called Strike
0-1: Ball
1-1: Ball
2-1: Foul Ball, location: 2F
2-2: Ball
3-2: SINGLE (Groundball, 6MD, EV 108.1 MPH)
Douglas Morrison scores
Batting: LHB Joseph Brandon 0-0: Called Strike
0-1: Fly out, F9 (Flyball, 9LD, EV 101.2 MPH)
Bottom of the 1st over - 1 run, 2 hits, 0 errors, 1 left on base; Phoenix 0 - Seattle 1
TOP OF THE 2ND
Phoenix Roadrunners batting - Pitching for Seattle Pilots : RHP Cayden Wittmeyer
Batting: RHB Scott McDonald 0-0: Foul Ball, location: 2F
0-1: Foul Ball, location: 2F
0-2: Foul Ball, location: 2F
0-2: Ball
1-2: Fly out, F9 (Flyball, 89D, EV 92.5 MPH)
Batting: RHB Harrison Jordan 0-0: Ball
1-0: Ground out 1-3 (Groundball, P, EV 61.9 MPH)
Batting: RHB Dalton Banks 0-0: Ball
1-0: TRIPLE (Flyball, 89XD, EV 104.4 MPH)
Batting: RHB Cliff Passarelli 0-0: Ball
1-0: Swinging Strike
1-1: Foul Ball, location: 2F
1-2: Strikes out swinging
Top of the 2nd over - 0 runs, 1 hit, 0 errors, 1 left on base; Phoenix 0 - Seattle 1
BOTTOM OF THE 2ND
Seattle Pilots batting - Pitching for Phoenix Roadrunners : RHP Chad Flanigan
Batting: RHB Allen Zuber 0-0: Ball
1-0: SINGLE (Groundball, 56D, EV 103.8 MPH)
Batting: RHB Isaac Merolla 0-0: Foul Ball, location: 2F
0-1: Called Strike
0-2: Strikes out swinging
Batting: RHB Rice Mesyan 0-0: Called Strike
0-1: Foul Ball, location: 2F
0-2: Foul Ball, location: 2F
0-2: Ball
Wild Pitch!
Allen Zuber to second
1-2: Ball
2-2: Foul Ball, location: 2F
2-2: Strikes out swinging
Batting: RHB Kynan Shaw 0-0: Ball
1-0: Swinging Strike
1-1: Ball
2-1: Ground out 4-3 (Groundball, 4, EV 90.6 MPH)
Bottom of the 2nd over - 0 runs, 1 hit, 0 errors, 1 left on base; Phoenix 0 - Seattle 1
TOP OF THE 3RD
Phoenix Roadrunners batting - Pitching for Seattle Pilots : RHP Cayden Wittmeyer
Batting: RHB Cole Segal 0-0: Ball
1-0: Ball
2-0: Ground out 5-3 (Groundball, 5, EV 79.4 MPH)
Batting: RHB Tyrek Schaaf 0-0: Called Strike
0-1: Ball
1-1: Foul Ball, location: 2F
1-2: Ball
2-2: Strikes out swinging
Batting: SHB Josiah Swallow 0-0: Ball
1-0: Fly out, F8 (Flyball, 8LXD, EV 81.9 MPH)
Top of the 3rd over - 0 runs, 0 hits, 0 errors, 0 left on base; Phoenix 0 - Seattle 1
BOTTOM OF THE 3RD
Seattle Pilots batting - Pitching for Phoenix Roadrunners : RHP Chad Flanigan
Batting: RHB Douglas Morrison 0-0: Ball
1-0: Ball
2-0: Ball
3-0: Base on Balls
Batting: LHB Cade McCormick 0-0: 2-RUN HOME RUN (Flyball, 8LXD, EV 113.1 MPH), Distance : 432 ft
Batting: LHB Ryan Carr 0-0: Ball
1-0: Foul Ball, location: 2F
1-1: Ball
2-1: Swinging Strike
2-2: Foul Ball, location: 2F
2-2: Strikes out swinging
Pitching: LHP Keegan Groves
Batting: RHB Jerry Coleman 0-0: Called Strike
0-1: Ball
1-1: Foul Ball, location: 2F
1-2: Foul Ball, location: 2F
1-2: SINGLE (Line Drive, 8RM, EV 110.0 MPH)
Batting: LHB Joseph Brandon 0-0: Called Strike
Jerry Coleman is caught stealing 2nd base 2-6
0-1: Swinging Strike
0-2: Strikes out swinging
Bottom of the 3rd over - 2 runs, 2 hits, 0 errors, 0 left on base; Phoenix 0 - Seattle 3
TOP OF THE 4TH
Phoenix Roadrunners batting - Pitching for Seattle Pilots : RHP Cayden Wittmeyer
Batting: RHB Cody Barkley 0-0: Foul Ball, location: 2F
0-1: Foul Ball, location: 2F
0-2: Ball
1-2: Ball
2-2: Fly out, F7 (Flyball, 78M, EV 88.1 MPH)
Batting: LHB Neil Wanat 0-0: Ball
1-0: Swinging Strike
1-1: Foul Ball, location: 2F
1-2: Ball
2-2: Foul Ball, location: 2F
2-2: Strikes out swinging
Batting: RHB Scott McDonald 0-0: Ball
1-0: Ball
2-0: Fly out, F8 (Line Drive, 8RD, EV 109.4 MPH)
Top of the 4th over - 0 runs, 0 hits, 0 errors, 0 left on base; Phoenix 0 - Seattle 3
BOTTOM OF THE 4TH
Seattle Pilots batting - Pitching for Phoenix Roadrunners : LHP Keegan Groves
Batting: RHB Allen Zuber 0-0: Swinging Strike
0-1: Ball
1-1: Ball
2-1: Called Strike
2-2: Ground out 6-3 (Groundball, 6, EV 100.0 MPH)
Batting: RHB Isaac Merolla 0-0: SINGLE (Flyball, 34D, EV 97.5 MPH)
Batting: RHB Rice Mesyan 0-0: Ball
1-0: Swinging Strike
1-1: Grounds into double play, 4-6-3 (Groundball, 34, EV 103.8 MPH)
Bottom of the 4th over - 0 runs, 1 hit, 0 errors, 0 left on base; Phoenix 0 - Seattle 3
TOP OF THE 5TH
Phoenix Roadrunners batting - Pitching for Seattle Pilots : RHP Cayden Wittmeyer
Now at 1B: Dalton Howland
Now at 2B: Jovan Elerson
Batting: RHB Harrison Jordan 0-0: Ball
1-0: SINGLE (Groundball, 34D, EV 105.0 MPH)
Batting: RHB Dalton Banks 0-0: Bunted foul
0-1: Sac Bunt to 2R - play at second, runner OUT! 2-6
Batting: RHB Cliff Passarelli 0-0: Foul Ball, location: 2F
0-1: Ball
1-1: Ball
2-1: Ball
3-1: Grounds into double play, 6-4-3 (Groundball, 56D, EV 80.6 MPH)
Top of the 5th over - 0 runs, 1 hit, 0 errors, 0 left on base; Phoenix 0 - Seattle 3
BOTTOM OF THE 5TH
Seattle Pilots batting - Pitching for Phoenix Roadrunners : LHP Keegan Groves
Pitching: LHP Da'Shonte Ruvelas
Now at 1B: Rayshaun Stuart
Now in LF: Dalton Banks
Now in CF: Tavin Kang
Batting: RHB Kynan Shaw 0-0: Ball
1-0: Ball
2-0: Ground out 6-3 (Groundball, 6M, EV 102.5 MPH)
Batting: RHB Dalton Howland 0-0: Foul Ball, location: 2F
0-1: Foul Ball, location: 2F
0-2: Strikes out swinging
Pinch Hitting: RHB Erick Hartman 0-0: Called Strike
0-1: Called Strike
0-2: Foul Ball, location: 2F
0-2: Ball
1-2: Foul Ball, location: 2F
1-2: Ball
2-2: Ground out 5-3 (Groundball, 5S, EV 88.8 MPH)
Bottom of the 5th over - 0 runs, 0 hits, 0 errors, 0 left on base; Phoenix 0 - Seattle 3
TOP OF THE 6TH
Phoenix Roadrunners batting - Pitching for Seattle Pilots : RHP Cayden Wittmeyer
Now in LF: Erick Hartman
Batting: RHB Cole Segal 0-0: Called Strike
0-1: Ball
1-1: Foul Ball, location: 2F
1-2: Ground out 5-3 (Groundball, 5, EV 83.8 MPH)
Pitching: LHP Rodell Jiu
Batting: RHB Tyrek Schaaf 0-0: SINGLE (Flyball, 8RS, EV 96.9 MPH)
Batting: LHB Rayshaun Stuart 0-0: Foul Ball, location: 2F
0-1: Foul Ball, location: 2F
0-2: Strikes out swinging
Pinch Hitting: RHB Rick Anderson 0-0: Fly out, F4 (Popup, 4M, EV 71.2 MPH)
Top of the 6th over - 0 runs, 1 hit, 0 errors, 1 left on base; Phoenix 0 - Seattle 3
BOTTOM OF THE 6TH
Seattle Pilots batting - Pitching for Phoenix Roadrunners : LHP Da'Shonte Ruvelas
Pitching: LHP Bradley Gainer
Now at 2B: Dalton Banks
Now in LF: Rick Anderson
Batting: LHB Ryan Carr 0-0: DOUBLE (Line Drive, 89M, EV 102.5 MPH)
Pinch Hitting: RHB Beau Pruett 0-0: Foul Ball, location: 2F
0-1: Ball
1-1: Ball
2-1: Foul Ball, location: 2F
2-2: Foul Ball, location: 2F
2-2: Ball
3-2: SINGLE (Line Drive, 9S, EV 95.0 MPH)
Ryan Carr to third
Batting: RHB Nickolas Kennedy 0-0: Ball
1-0: Ball
2-0: SINGLE (Groundball, 4MD, EV 106.9 MPH)
Ryan Carr scores
Beau Pruett to second
Batting: RHB Jovan Elerson 0-0: Ball
1-0: Bunted foul
1-1: Sac Bunt to 3S - play at first, batter OUT! 3-1
Beau Pruett to third
Nickolas Kennedy to second
Batting: RHB Isaac Merolla 0-0: Foul Ball, location: 2F
0-1: Ball
1-1: Foul Ball, location: 2F
1-2: Ball
2-2: Strikes out swinging
Pitching: LHP Logan Schneider
Batting: RHB Rice Mesyan 0-0: Called Strike
0-1: Called Strike
0-2: Ball
1-2: Strikes out swinging
Bottom of the 6th over - 1 run, 3 hits, 0 errors, 2 left on base; Phoenix 0 - Seattle 4
TOP OF THE 7TH
Phoenix Roadrunners batting - Pitching for Seattle Pilots : LHP Rodell Jiu
Pitching: LHP Daniel Travis
Now at 1B: Beau Pruett
Now at 3B: Dalton Howland
Pinch Hitting: LHB Dwight Bell 0-0: Ball
1-0: Foul Ball, location: 2F
1-1: Called Strike
1-2: Ball
2-2: Ball
3-2: Foul Ball, location: 2F
3-2: Strikes out swinging
Pinch Hitting: RHB Reginald Botoman 0-0: Called Strike
0-1: Ball
1-1: Foul Ball, location: 2F
1-2: Ball
2-2: Foul Ball, location: 2F
2-2: Ball
3-2: Strikes out looking
Batting: RHB Harrison Jordan 0-0: SINGLE (Groundball, 34S, EV 70.6 MPH) (infield hit)
Pinch Hitting: LHB Devon Cundiff 0-0: Swinging Strike
0-1: Foul Ball, location: 2F
0-2: Ball
1-2: Strikes out swinging
Top of the 7th over - 0 runs, 1 hit, 0 errors, 1 left on base; Phoenix 0 - Seattle 4
BOTTOM OF THE 7TH
Seattle Pilots batting - Pitching for Phoenix Roadrunners : LHP Logan Schneider
Pitching: RHP Weston Pilling
Now at 2B: Rick Anderson
Now in LF: Reginald Botoman
Now in CF: Devon Cundiff
Now in RF: Dwight Bell
Batting: RHB Kynan Shaw 0-0: Called Strike
0-1: Called Strike
0-2: Strikes out looking
Batting: RHB Dalton Howland 0-0: Ball
1-0: Ball
2-0: Ball
3-0: Called Strike
3-1: Called Strike
3-2: Strikes out looking
Batting: RHB Erick Hartman 0-0: Ball
1-0: Ball
2-0: Fly out, F7 (Flyball, 7LD, EV 103.1 MPH)
Bottom of the 7th over - 0 runs, 0 hits, 0 errors, 0 left on base; Phoenix 0 - Seattle 4
TOP OF THE 8TH
Phoenix Roadrunners batting - Pitching for Seattle Pilots : LHP Daniel Travis
Pitching: RHP Ryder Middleton
Batting: RHB Tommy Simpson 0-0: Ball
1-0: Fly out, F7 (Flyball, 7S, EV 90.0 MPH)
Batting: RHB Cole Segal 0-0: Foul Ball, location: 2F
0-1: Called Strike
0-2: Foul Ball, location: 2F
0-2: Ball
1-2: Foul Ball, location: 2F
1-2: Strikes out looking
Batting: RHB Tyrek Schaaf 0-0: Called Strike
0-1: Foul Ball, location: 2F
0-2: Ball
1-2: Ball
2-2: Fly out, F7 (Flyball, 7, EV 87.5 MPH)
Top of the 8th over - 0 runs, 0 hits, 0 errors, 0 left on base; Phoenix 0 - Seattle 4
BOTTOM OF THE 8TH
Seattle Pilots batting - Pitching for Phoenix Roadrunners : RHP Weston Pilling
Pitching: RHP Cade de Jong
Batting: LHB Ryan Carr 0-0: Ball
1-0: Foul Ball, location: 2F
1-1: Called Strike
1-2: Strikes out swinging
Batting: RHB Beau Pruett 0-0: Ball
1-0: Called Strike
1-1: Foul Ball, location: 2F
1-2: Ground out 6-3 (Groundball, 6S, EV 91.9 MPH)
Batting: RHB Nickolas Kennedy 0-0: Ball
1-0: Called Strike
1-1: Ball
2-1: Called Strike
2-2: Strikes out looking
Bottom of the 8th over - 0 runs, 0 hits, 0 errors, 0 left on base; Phoenix 0 - Seattle 4
TOP OF THE 9TH
Phoenix Roadrunners batting - Pitching for Seattle Pilots : RHP Ryder Middleton
Pitching: LHP R.J. Gabriele
Batting: LHB Rayshaun Stuart 0-0: Foul Ball, location: 2F
0-1: Fly out, F7 (Flyball, 7LMF, EV 87.5 MPH)
Batting: RHB Rick Anderson 0-0: Ball
1-0: Ball
2-0: Foul Ball, location: 2F
2-1: Ball
3-1: Base on Balls
Batting: LHB Dwight Bell 0-0: Foul Ball, location: 2F
0-1: Ball
1-1: Ball
2-1: Ball
3-1: Foul Ball, location: 2F
3-2: Fielders Choice at 2nd, 4-6 (Groundball, 4S, EV 85.6 MPH)
Batting: RHB Reginald Botoman 0-0: Ball
1-0: Ball
2-0: Called Strike
2-1: Foul Ball, location: 2F
2-2: Strikes out swinging
Top of the 9th over - 0 runs, 0 hits, 0 errors, 1 left on base; Phoenix 0 - Seattle 4
Wednesday, April 17th , 2024 - OOTP Baseball 23.10 Build 110